 Dungeon Crawl Stone Soup version 0.29.1-14-g9c671dbff4 (webtiles) character file.

Game seed: 12646737028094860714

252 tizbic2 the Digger (level 5, -1/48 HPs)
             Began as a Troll Earth Elementalist on Feb 14, 2023.
             Was an Initiate of Sif Muna.
             Slain by a gnoll
             ... wielding a +0 club
              (4 damage)
             ... on level 4 of the Dungeon.
             The game lasted 00:11:02 (2214 turns).

tizbic2 the Digger (Troll Earth Elementalist)       Turns: 2214, Time: 00:11:02

Health: -1/48      AC:  6    Str: 16    XL:     5   Next: 89%
Magic:  6/7        EV:  9    Int: 13    God:    Sif Muna [......]
Gold:   121        SH:  0    Dex: 10    Spells: 4/8 levels left

rFire   . . .      SeeInvis .   p - +2 dagger (venom)
rCold   . . .      Faith    .   (no shield)
rNeg    . . .      Spirit   .   g - +0 robe
rPois   .          Reflect  .   (helmet restricted)
rElec   .          Harm     .   f - +1 cloak
rCorr   .          Rampage  .   (gloves unavailable)
Will    .....                   (boots unavailable)
Stlth   +.........              (no amulet)
HPRegen 0.96/turn               (no ring)
MPRegen 0.10/turn               (no ring)

@: no status effects
A: large, unfitting armour, claws 3, regeneration 1, shaggy fur 1, tough skin 1
a: Renounce Religion


You were on level 4 of the Dungeon.
You worshipped Sif Muna.
Sif Muna was noncommittal.
You visited 1 branch of the dungeon, and saw 4 of its levels.

You collected 121 gold pieces.

Inventory:

Hand Weapons
 c - a +0 war axe
 p - a +2 dagger of venom (weapon)
Missiles
 e - 5 poisoned darts
Armour
 f - a +1 cloak (worn)
 g - a +0 robe (worn)
Jewellery
 k - a ring of ice
Scrolls
 i - a scroll of amnesia
 m - a scroll of brand weapon {unknown}
 o - 2 scrolls of blinking
 q - a scroll of noise {unknown}
 r - a scroll of poison
Potions
 b - a potion of magic
 d - a potion of resistance {unknown}
 h - a potion of flight
 j - 2 potions of curing {unknown}
 l - 2 potions of mutation {unknown}
 n - a potion of might {unknown}
 s - a potion of attraction {unknown}


   Skills:
 + Level 1.3 Fighting
 * Level 1.9 Axes
 - Level 1.5 Dodging
 - Level 1.0 Stealth
 * Level 2.2 Spellcasting
 + Level 1.6 Transmutations
 * Level 3.9 Earth Magic


You had 4 spell levels left.
You knew the following spells:

 Your Spells              Type           Power      Damage    Failure   Level
a - Sandblast             Erth           22%        2d7       4%          1
b - Stone Arrow           Conj/Erth      12%        3d7       32%         3

Your spell library contained the following spells:

 Spells                   Type           Power      Damage    Failure   Level
 Passwall                 Tmut/Erth      6%         N/A       12%         2
 Ignite Poison            Fire/Tmut/Pois 2%         N/A       52%         3
 Mephitic Cloud           Conj/Pois/Air  1%         N/A       58%         3
 Petrify                  Tmut/Erth      8%         N/A       61%         4
 Freezing Cloud           Conj/Ice/Air   0%         6-21      100%        5


Dungeon Overview and Level Annotations

Branches:
Dungeon (4/15)
 Temple: D:4-7

Altars:
Sif Muna


Innate Abilities, Weirdness & Mutations

You are too large for most types of armour.
You have claws for hands.
Your natural rate of healing is unusually fast.
You are covered in fur. (AC +1)
You have tough skin. (AC +1)


Message History

The gnoll is moderately wounded.
The gnoll hits you but does no damage. The gnoll closely misses you.
You closely miss the gnoll.
The gnoll is heavily wounded.
The gnoll hits you with a +0 club.
* * * LOW HITPOINT WARNING * * *
The gnoll hits you with a +0 halberd.
* * * LOW HITPOINT WARNING * * *
Okay, then.
Casting: Sandblast (safe; 4% risk of failure)
Confirm with . or Enter, or press ? or * to list all spells.
Aiming: Sandblast (safe; 4% risk of failure)
Press: ? - help, Shift-Dir - straight line, f - gnoll
Aim: a gnoll, wielding a +0 halberd (heavily wounded, very poisoned, 84% to hit)
The blast of sand hits the gnoll!
You kill the gnoll!
Sif Muna accepts your kill. The gnoll hits you with a +0 club.
* * * LOW HITPOINT WARNING * * *
Things that are here:
a +0 halberd; a gnoll corpse The gnoll attacks as you move away!
The gnoll hits you with a +0 club.
* * * LOW HITPOINT WARNING * * *
The gnoll attacks as you move away! The gnoll hits you with a +0 club.
* * * LOW HITPOINT WARNING * * *
You completely miss the gnoll. The gnoll barely misses you.
Casting: Sandblast (safe; 4% risk of failure)
Confirm with . or Enter, or press ? or * to list all spells.
Aiming: Sandblast (safe; 4% risk of failure)
Press: ? - help, Shift-Dir - straight line, f - gnoll
Aim: a gnoll, wielding a +0 club (84% to hit)
The blast of sand hits the gnoll.
The gnoll is moderately wounded.
The gnoll hits you with a +0 club.
* * * LOW HITPOINT WARNING * * *
The gnoll closely misses you.
You hit the gnoll.
The gnoll is poisoned.
The gnoll is heavily wounded.
The gnoll hits you with a +0 club.
You die...

.. ... #........ ...
..... ##........
....#...
###.........
....#...
#........... ......
#)##........ ...#
#####.##........
#.###.....##........
#.†.#.#...##########
###g#@....#.#
#...#g..#.#.#
#.#.#.....#.#
#.###...#...#
#)..)...###.#
#######.# #.# #>#
### ###


You could see a gnoll (very poisoned).

Vanquished Creatures
  A hound (D:4)
  3 gnolls (D:4)
  3 adders
  3 worms
  3 dart slugs
  8 ball pythons
  4 bats
  2 endoplasms
  4 giant cockroaches
  3 goblins (D:3)
  4 hobgoblins
  A quokka (D:2)
  4 frilled lizards
  5 kobolds
  8 rats
56 creatures vanquished.

Vanquished Creatures (collateral kills)
  A phantom (D:4)
  A jelly (D:4)
  A kobold (D:2)
3 creatures vanquished.

Grand Total: 59 creatures vanquished

Notes
Turn   | Place    | Note
-------+----------+-------------------------------------------
     0 | D:1      | tizbic2 the Troll Earth Elementalist began the quest for
                  | the Orb.
     0 | D:1      | Reached XP level 1. HP: 16/16 MP: 1/1
    75 | D:1      | Reached XP level 2. HP: 24/24 MP: 3/3
   329 | D:1      | Reached skill level 3 in Earth Magic
   801 | D:2      | Reached skill level 1 in Transmutations
   801 | D:2      | Reached XP level 3. HP: 28/32 MP: 4/4
  1244 | D:2      | Reached skill level 1 in Axes
  1362 | D:2      | Reached XP level 4. HP: 33/40 MP: 5/5
  1402 | D:2      | Found a faded altar of an unknown god.
  1617 | D:3      | Found a shimmering blue altar of Sif Muna.
  1694 | D:3      | Became a worshipper of Sif Muna the Loreminder
  2036 | D:3      | Learned a level 3 spell: Stone Arrow
  2103 | D:3      | You fall into a shaft and drop 1 floor!
  2107 | D:4      | Noticed a phantom
  2119 | D:4      | Killed a phantom
  2120 | D:4      | Reached skill level 1 in Fighting
  2120 | D:4      | Reached XP level 5. HP: 48/48 MP: 5/7
  2206 | D:4      | HP: 2/48 [gnoll/+0 club (5)]
  2211 | D:4      | HP: 1/48 [gnoll/+0 club (4)]
  2214 | D:4      | Slain by a gnoll

Illustrated notes

Levels and vault maps discovered:
D:1:      minmay_arrival_nine_rooms, layout_basic
D:2:      layout_basic, ebering_ecumenical_altar_rust
D:3:      layout_basic, nicolae_overflow_crystal_walls, serial_forest,
          infiniplex_forest_straight_2, infiniplex_forest_lined_room_3,
          infiniplex_forest_clump_curved, infiniplex_forest_lined_room_3,
          infiniplex_forest_clump_long, infiniplex_forest_lined_3_way,
          infiniplex_forest_lined_3, infiniplex_forest_clump_small
D:4:      layout_basic, uniq_blork_the_orc

Skill      XL: |  1  2  3  4 |
---------------+-------------+-----
Earth Magic    | 3 |  3.9
Transmutations | 1 |  1.6
Axes           | 1 |  1.9
Fighting       | 1 |  1.3
Spellcasting   | 2 |  2.2
Dodging        | |  1.5
Stealth        | |  1.0

Action                   |  1- 3 |  4- 6 || total
-------------------------+-------+-------++-------
Melee: War axe           |   101 |     7 ||   108
       Dagger            |       |    38 ||    38
       Punch             |       |     1 ||     1
 Cast: Sandblast         |     5 |     9 ||    14
  Use: Scroll            |     7 |     1 ||     8
       Potion            |       |     1 ||     1
 Stab: Sleeping          |     2 |       ||     2
Armor: Robe              |    59 |    27 ||    86
Dodge: Dodged            |    58 |    31 ||    89
